 Dungeon Crawl Stone Soup version 0.32-a0-779-g362cfcae2a (webtiles) character file.

Game seed: 4192456946869583549

294 Turgor the Shooter (level 5, -6/63 HPs)
             Began as a Coglin Hunter on Mar 19, 2024.
             Was a Priest of Ru.
             Mangled by an orc warrior
             ... wielding a +0 scimitar
              (9 damage)
             ... on level 7 of the Dungeon.
             The game lasted 00:09:21 (3244 turns).

Turgor the Shooter (Coglin Hunter)                  Turns: 3244, Time: 00:09:23

Health: -6/63      AC: 22    Str: 11    XL:     5   Next: 33%
Magic:  5/5        EV:  2    Int:  8    God:    Ru [***...]
Gold:   76         SH:  0    Dex: 20    Spells: 4/4 levels left

rFire   . . .        a - +2 sling {Jasleen}
rCold   . . .        d - +0 sling {Vikramjeet}
rNeg    . . .        c - melded +0 leather armour
rPois   +            n - melded +2 hat
rElec   .            (cloak currently unavailable)
rCorr   .            j - melded +0 pair of gloves
SInv    .            (boots currently unavailable)
Will    .....        (no amulet)
Stlth   ++           (no ring)
HPRegen 0.30/turn    (no ring)
MPRegen 0.09/turn    (no gizmo)

%: no passive effects
@: tree-form, revved
A: stationary, stasis, torment immunity, boosted hp, weak-willed 1,
inexperienced 1, off-hand wielding, slow wielding, warmup strikes, (no
jewellery)
a: Invent Gizmo, Renounce Religion, Draw Out Power


You were on level 7 of the Dungeon.
You worshipped Ru.
Ru was most pleased with you.
You were a tree.
You visited 1 branch of the dungeon, and saw 5 of its levels.

You collected 151 gold pieces.
You spent 75 gold pieces at shops.

Inventory:

Hand Weapons
 a - a +2 sling (weapon) {Jasleen}
 d - a +0 sling (offhand) {Vikramjeet}
 m - the +2 dagger of Gloom {venom, rCorr Stlth+}
   (You found it on level 2 of the Dungeon)

   rCorr:     It protects you from acid and corrosion.
   Stlth+:    It makes you more stealthy.
Missiles
 e - 8 poisoned darts
Armour
 c - a +0 leather armour (melded)
 j - a +0 pair of gloves (melded)
 n - a +2 hat (melded)
Scrolls
 b - a scroll of butterflies
 f - a scroll of noise
 k - 2 scrolls of revelation
 l - a scroll of enchant weapon {unknown}
 o - a scroll of enchant armour {unknown}
 p - a scroll of amnesia
 r - 2 scrolls of blinking {unknown}
 s - a scroll of poison
Potions
 g - a potion of berserk rage
 h - 3 potions of cancellation
 i - a potion of brilliance {unknown}
 q - 2 potions of lignification


   Skills:
 + Level 4.0 Fighting
 * Level 5.9 Ranged Weapons
 - Level 1.7 Dodging
 - Level 0.7 Stealth


You had 4 spell levels left.
You didn't know any spells.
Your spell library was empty.

Dungeon Overview and Level Annotations

Branches:
Dungeon (4/15)
 Temple: D:4-7

Altars:
Elyvilon
Ru

Shops:
D:4 ?

Annotations:
D:3 dig


Innate Abilities, Weirdness & Mutations

You are a tree.
Your roots penetrate the ground, keeping you stationary.
You cannot be teleported.
You are immune to unholy pain and torment.
Your maximum health is greatly increased.
Your equipment is partially melded.
You are slightly weak-willed. (Will-)
You are somewhat inexperienced. (-1 XL)
You can wield a second weapon in your off-hand.
It takes a long time for you to wield or remove held weapons.
Your first few attacks do less damage.
((You cannot equip rings or amulets.))


Message History

The orc priest is almost dead.
Fire: a) +2 sling {Jasleen}
Press: ? - help, Q - select action, (/) - cycle Shift-Dir - straight line, f/p - orc priest
Aim: an orc priest, wielding a +0 dagger (almost dead, 65% to hit)
You shoot a sling bullet. The sling bullet hits the orc warrior.
The orc warrior is moderately wounded.
You shoot a sling bullet.
The sling bullet hits the orc warrior but does no damage.
The orc warrior is moderately wounded.
The orc warrior hits you with a +0 scimitar!
Fire: a) +2 sling {Jasleen}
Press: ? - help, Q - select action, (/) - cycle Shift-Dir - straight line, f/p - orc priest
Aim: an orc priest, wielding a +0 dagger (almost dead, 65% to hit)
You shoot a sling bullet. The sling bullet hits the orc priest.
You kill the orc priest!
You shoot a sling bullet.
The orc warrior hits you with a +0 scimitar!
You focus your inner power and illuminate the orc warrior in retribution!
Your Fighting skill increases to level 4!
Fire: a) +2 sling {Jasleen}
Press: ? - help, Q - select action, (/) - cycle Shift-Dir - straight line, f - orc warrior
Aim: an orc warrior, wielding a +0 scimitar and wearing a +0 chain mail (moderately wounded, softly glowing, 79% to hit)
You shoot a sling bullet.
The sling bullet hits the orc warrior but does no damage.
The orc warrior is moderately wounded.
You shoot a sling bullet. The sling bullet hits the orc warrior.
The orc warrior is heavily wounded.
The orc warrior hits you with a +0 scimitar!
* * * LOW HITPOINT WARNING * * *
Okay, then.
Unknown command.
It was a potion of lignification.
You turn into a tree.
Your +2 hat melds into your body.
Your +0 pair of gloves melds into your body.
Your +0 leather armour melds into your body.
Your roots penetrate the ground.
The orc warrior hits you with a +0 scimitar!
You die...
Ru respects your ultimate sacrifice.

... o.
####.#
#".).#
#)####
#..###
##...#
###o####
#♣o..#
#....#
##...#
.....
....##
...##
...#
...#


You could see an orc warrior (corona) and an orc priest.

Vanquished Creatures
  An orc priest (D:7)
  3 orc wizards (D:4)
  6 adders
  4 gnolls (D:2)
  2 dart slugs
  9 orcs
  5 ball pythons
  6 endoplasms
  2 giant cockroaches
  4 goblins (D:4)
  4 hobgoblins
  13 jackals
  7 kobolds
  2 quokkas
  6 bats
  4 frilled lizards
  13 rats
91 creatures vanquished.

Notes
Turn   | Place    | Note
-------+----------+-------------------------------------------
     0 | D:1      | Turgor the Coglin Hunter began the quest for the Orb.
     0 | D:1      | Reached XP level 1. HP: 16/16 MP: 1/1
    30 | D:1      | Reached XP level 2. HP: 22/22 MP: 2/2
    36 | D:1      | Reached skill level 4 in Ranged Weapons
   208 | D:1      | Reached XP level 3. HP: 28/28 MP: 3/3
   536 | D:2      | Reached XP level 4. HP: 31/34 MP: 4/4
   764 | D:2      | Found a faded altar of an unknown god.
   770 | D:2      | Prayed at the altar of an unknown god.
   770 | D:2      | Became a worshipper of Ru the Awakened
   789 | D:2      | Gained mutation: You are somewhat inexperienced. (-1 XL)
                  | [Ru sacrifice]
   789 | D:2      | Reached XP level 3. HP: 29/29 MP: 3/3
   789 | D:2      | Reached * piety under Ru
  1102 | D:2      | Reached skill level 5 in Ranged Weapons
  1122 | D:2      | Identified the +2 dagger of Gloom {venom, rCorr Stlth+}
  1325 | D:2      | Reached XP level 4. HP: 35/35 MP: 4/4
  1867 | D:3      | Found a transporter.
  1872 | D:3      | Found a white marble altar of Elyvilon.
  1874 | D:3      | Found a transporter.
  2639 | D:4      | Reached XP level 5. HP: 29/42 MP: 5/5
  2812 | D:4      | Found The Oracle's Delphic Readings.
  2816 | D:4      | Bought a scroll of revelation for 75 gold pieces
  2918 | D:4      | Gained mutation: You are slightly weak-willed. (Will-) [Ru
                  | sacrifice]
  2918 | D:4      | Reached ** piety under Ru
  2918 | D:4      | Reached *** piety under Ru
  3227 | D:4      | You fall into a shaft and drop 3 floors!
  3230 | D:7      | Identified the amulet of Sicsub {Reflect rPois Will+++
                  | Regen+ Dex-5 SH+5}
  3231 | D:7      | Noticed an orc warrior
  3243 | D:7      | HP: 2/42 [orc warrior/+0 scimitar (13)]
  3244 | D:7      | Mangled by an orc warrior

Illustrated notes

Levels and vault maps discovered:
D:1:      lightli_arrival_statuegarden, layout_rooms,
          minmay_misc_feat_secret_circle
D:2:      layout_loops_corners, ebering_ecumenical_altar_petrified
D:3:      layout_loops_corners, elyvilon_altar_4, due_unseen_surprise
D:4:      layout_layer_cave, corner_web_ring, nicolae_nh_oracle_at_delphi
D:7:      layout_rooms, minmay_temple_entry_glass, uniq_jeremiah, uniq_pikel,
          uniq_joseph

Skill      XL: |  1  2  3  4  5 |
---------------+----------------+-----
Ranged Weapons | 4 5 |  5.9
Fighting       | 3 4 |  4.0
Dodging        | |  1.7
Stealth        | |  0.7

Action                     |  1- 3 |  4- 6 || total
---------------------------+-------+-------++-------
   Fire: Sling             |   176 |   176 ||   352
 Invoke: Sacrifice Experie |     1 |       ||     1
         Sacrifice Essence |       |     1 ||     1
    Use: Scroll            |     1 |     5 ||     6
         Potion            |       |     1 ||     1
 Armour: Leather armour    |    12 |    23 ||    35
         Skin              |       |     1 ||     1
  Dodge: Dodged            |    21 |    14 ||    35

Table legend: (Time is in decaauts)
 A = Elapsed time spent in this place.
 B = Non-inter-level travel time spent in this place.
 C = Inter-level travel time spent in this place.
 D = Time resting spent in this place.
 E = Time spent auto-exploring this place.
 F = Levels seen in this place.
 G = Mean time per level.
                   A        B        C        D        E       F      G
               +--------+--------+--------+--------+--------+-----+--------+
         Total |   3283 |   3169 |    114 |      4 |   2743 |   5 |  656.6 |
       Dungeon |   3283 |   3169 |    114 |      4 |   2743 |   5 |  656.6 |
               +--------+--------+--------+--------+--------+-----+--------+

Top non-repeatable levels by time:
     D:4: 929 daAuts
     D:3: 918 daAuts
     D:2: 868 daAuts
     D:1: 549 daAuts
     D:7: 18 daAuts
